 Dungeon Crawl Stone Soup version 0.28.0 (webtiles) character file.

Game seed: 11692151153980633403

2579 ragingrage the Cleaver (level 9, 0/84 HPs)
             Began as a Minotaur Berserker on Feb 5, 2022.
             Was an Elder of Trog.
             Slain by a bullfrog zombie (6 damage)
             ... on level 6 of the Dungeon.
             The game lasted 00:03:56 (7267 turns).

ragingrage the Cleaver (Minotaur Berserker)         Turns: 7267, Time: 00:03:56

Health: 0/84       AC:  6    Str: 26    XL:     9   Next: 32%
Magic:  8/8        EV: 11    Int:  4    God:    Trog [****..]
Gold:   203        SH:  0    Dex: 10    Spells: 8/8 levels left

rFire   + . .      SeeInvis .   a - +1 hand axe (vorpal)
rCold   + . .      Faith    .   (no shield)
rNeg    . . .      Spirit   .   g - +0 ring mail
rPois   .          Reflect  .   (helmet restricted)
rElec   .          Harm     .   d - scarf {rC+ rF+}
rCorr   .          Rampage  .   y - +0 pair of gloves
Will    .....                   (no boots)
Stlth   ..........              (no amulet)
HPRegen 0.24/turn               (no ring)
MPRegen 0.11/turn               (no ring)

@: on berserk cooldown, slowed, very slow
A: horns 2, retaliatory headbutt
a: Renounce Religion, Berserk, Trog's Hand, Brothers in Arms


You were on level 6 of the Dungeon.
You worshipped Trog.
Trog was greatly pleased with you.
You visited 1 branch of the dungeon, and saw 6 of its levels.

You collected 203 gold pieces.

Inventory:

Hand Weapons
 a - a +1 vorpal hand axe (weapon)
 b - a +1 trident of venom
 w - a +0 whip of electrocution
Missiles
 k - 9 poisoned darts (quivered)
Armour
 d - a scarf of resistance (worn)
 g - a +0 ring mail (worn)
 y - a +0 pair of gloves (worn)
Jewellery
 t - a +4 ring of evasion
 v - a ring of ice
 D - an amulet of the acrobat
Wands
 A - a wand of acid (7)
 C - a wand of paralysis (4)
Scrolls
 c - 2 scrolls of noise {unknown}
 e - a scroll of amnesia {unknown}
 h - a scroll of enchant armour {unknown}
 i - 2 scrolls of summoning {unknown}
 m - a scroll of teleportation {unknown}
 n - a scroll of blinking {unknown}
 q - a scroll of silence {unknown}
 r - a scroll of vulnerability {unknown}
 s - a scroll of fog {unknown}
 x - a scroll of magic mapping {unknown}
 B - a scroll of identify {unknown}
Potions
 f - a potion of degeneration {unknown}
 j - a potion of magic {unknown}
 l - 2 potions of heal wounds {unknown}
 o - 3 potions of cancellation {unknown}
 p - a potion of brilliance {unknown}
 u - a potion of flight {unknown}
 z - a potion of curing {unknown}


   Skills:
 + Level 9.5 Fighting
 * Level 12.8 Axes
 - Level 2.4 Armour
 - Level 2.1 Dodging


You had 8 spell levels left.
You didn't know any spells.
Your spell library was empty.

Dungeon Overview and Level Annotations

Branches:
Dungeon (6/15)             Temple (0/1) D:5

Altars:
Fedhas
Qazlal
Uskayaw
Yredelemnul

Annotations:
D:3 2 runed translucent doors, Lobster4's ghost, amateur DrWn


Innate Abilities, Weirdness & Mutations

You have a pair of horns on your head.
You reflexively headbutt those who attack you in melee.


Message History

Things that are here:
a +0 club; a yak corpse You hit the yak.
You headbutt the yak!!
The yak is severely wounded.
You slice the yak!!
You kill the yak!
Trog accepts your kill.
A necrophage comes into view.
The yak gores you but does no damage.
You see here a yak corpse.
You slash the yak! You headbutt the yak!
The yak is almost dead.
You slash the yak!
You kill the yak!
Trog accepts your kill.
You are no longer berserk.
You are exhausted.
You feel yourself slow down.
The bullfrog zombie completely misses you.
You furiously retaliate!
You headbutt the bullfrog zombie! The yak gores you!
You see here a yak corpse.
You barely miss the yak. You hit the bullfrog zombie.
The bullfrog zombie hits you. The yak gores you!
* * * LOW HITPOINT WARNING * * *
The bullfrog zombie hits you.
* * * LOW HITPOINT WARNING * * *
You hit the yak. Your headbutt misses the yak.
The yak is moderately wounded.
You slash the bullfrog zombie! The bullfrog zombie barely misses you.
The yak gores you!
* * * LOW HITPOINT WARNING * * *
You slash the yak! You headbutt the yak!
The yak is severely wounded.
You hit the bullfrog zombie. The bullfrog zombie hits you.
* * * LOW HITPOINT WARNING * * *
The yak gores you but does no damage.
You hit the yak. You headbutt the yak!
The yak is almost dead.
You barely miss the bullfrog zombie. The bullfrog zombie hits you.
You die...

####### #.... .......
#...# ....... #...#
....... #...# .......
...# ###(
......Z######..#####....
.....nY@†)).............
.###########..$......#..
.. #...........
..##........###.
.................
......(....#.###
.............#
..$.......####
.....#......#


You could see a yak, a necrophage and a bullfrog zombie.

Vanquished Creatures
  Pikel (D:4)
  4 yaks (D:6)
  Edmund (D:4)
  Duvessa (D:4)
  A sky beast (D:6)
  An ice beast (D:5)
  An ogre (D:6)
  2 black bears (D:5)
  A centaur (D:5)
  A scorpion (D:4)
  Dowan (D:4)
  3 wights (D:6)
  A howler monkey (D:5)
  A jelly (D:6)
  A gnoll shaman (D:5)
  Terence (D:2)
  An iguana (D:5)
  3 orc wizards
  2 killer bee zombies
  A hound zombie (D:5)
  Robin (D:3)
  13 gnolls
  5 adders
  3 worms
  2 dart slugs (D:3)
  21 orcs
  8 bats
  13 endoplasms
  7 giant cockroaches
  12 goblins
  6 hobgoblins
  5 jackals (D:1)
  2 quokkas
  4 ball pythons
  7 frilled lizards
  6 kobolds
  16 rats
  A spectral orc (D:3)
161 creatures vanquished.

Vanquished Creatures (others)
  An orc (D:5)
  A fungus (D:2)
  19 plants
21 creatures vanquished.

Grand Total: 182 creatures vanquished

Notes
Turn   | Place    | Note
-------+----------+-------------------------------------------
     0 | D:1      | ragingrage the Minotaur Berserker began the quest for the
                  | Orb.
     0 | D:1      | Reached XP level 1. HP: 19/19 MP: 0/0
     1 | D:1      | Found a runed translucent door.
   230 | D:1      | Reached skill level 4 in Axes
   233 | D:1      | Reached XP level 2. HP: 19/27 MP: 1/1
  1389 | D:1      | Reached XP level 3. HP: 22/33 MP: 2/2
  1405 | D:1      | Reached ** piety under Trog
  1408 | D:1      | Reached skill level 5 in Axes
  2055 | D:2      | Reached XP level 4. HP: 41/41 MP: 3/3
  2646 | D:2      | Identified the +0 robe of Generosity {Int+4}
  2758 | D:2      | Reached skill level 6 in Axes
  2769 | D:2      | Noticed Terence
  2780 | D:2      | Killed Terence
  2781 | D:2      | Reached skill level 5 in Fighting
  2781 | D:2      | Reached XP level 5. HP: 48/48 MP: 4/4
  2893 | D:2      | Found a faded altar of an unknown god.
  3231 | D:3      | Found a basalt altar of Yredelemnul.
  3516 | D:3      | Reached *** piety under Trog
  3621 | D:3      | Found a large runed translucent door.
  3623 | D:3      | Found a large runed translucent door.
  3625 | D:3      | Noticed Lobster4's ghost (amateur DrWn)
  3630 | D:3      | Noticed Robin
  3652 | D:3      | Killed Robin
  3752 | D:3      | Found a hide-covered altar of Uskayaw.
  3777 | D:3      | Reached skill level 7 in Axes
  3933 | D:3      | Reached XP level 6. HP: 55/56 MP: 5/5
  4574 | D:4      | Noticed Duvessa
  4575 | D:4      | Noticed Dowan
  4583 | D:4      | Killed Duvessa
  4584 | D:4      | Reached skill level 8 in Axes
  4592 | D:4      | Killed Dowan
  4593 | D:4      | Reached XP level 7. HP: 46/63 MP: 6/6
  4720 | D:4      | Reached **** piety under Trog
  4792 | D:4      | Noticed Edmund
  4800 | D:4      | Killed Edmund
  5087 | D:4      | Found a blossoming altar of Fedhas.
  5090 | D:4      | Found a stormy altar of Qazlal.
  5243 | D:4      | Noticed Pikel
  5256 | D:4      | Killed Pikel
  5257 | D:4      | Reached skill level 10 in Axes
  5257 | D:4      | Reached XP level 8. HP: 26/73 MP: 7/7
  5733 | D:5      | Entered Level 5 of the Dungeon
  5762 | D:5      | Found a staircase to the Ecumenical Temple.
  6079 | D:5      | Reached skill level 11 in Axes
  7253 | D:6      | Reached skill level 12 in Axes
  7253 | D:6      | Reached XP level 9. HP: 82/82 MP: 8/8
  7267 | D:6      | Slain by a bullfrog zombie

Illustrated notes

Levels and vault maps discovered:
D:1:      dpeg_arrival_caged_fury, layout_loops_corners, minivault_25
D:2:      layout_loops_cross, shapermc_ecumenical_altar_acropolis, uniq_terence
D:3:      layout_basic, yredelemnul_forgotten_temple_becter, lemuel_round_altar,
          ebering_ghost_disaster_area, minmay_fractal_squares_gapless_5,
          uniq_robin
D:4:      layout_loops_ring, grunt_temple_overflow_forces_of_nature,
          uniq_duvessa, uniq_edmund, uniq_pikel
D:5:      layout_gridville, minmay_temple_entry_waves, kennysheep_boxes
D:6:      layout_basic, grunt_gozag_breadcrumbs, nrook_loot_triangle,
          uniq_grinder

Skill      XL: |  1  2  3  4  5  6  7  8  9 |
---------------+----------------------------+-----
Axes           | 4 5 6 7 8 10 12 | 12.8
Fighting       | 4 5 6 7 8 9 |  9.5
Armour         | |  2.4
Dodging        | |  2.1

Action                   |  1- 3 |  4- 6 |  7- 9 || total
-------------------------+-------+-------+-------++-------
Melee: Hand axe          |    86 |    70 |    62 ||   218
       Headbutt          |     9 |    16 |    20 ||    45
       Trident           |       |    77 |    59 ||   136
       Punch             |       |       |     2 ||     2
Invok: Berserk           |     2 |     5 |     4 ||    11
 Stab: Distracted        |     1 |       |       ||     1
Armor: Animal skin       |    13 |       |       ||    13
       Ring mail         |     6 |    39 |    27 ||    72
Dodge: Dodged            |    53 |    71 |    52 ||   176
